 Dungeon Crawl Stone Soup version 0.15-a0-258-g027b8cd (webtiles) character file.

14792 PolkaDot the Bewitcher (level 11, -1/68 HPs)
             Began as a Vampire Enchanter on Apr 27, 2014.
             Was the Champion of Makhleb.
             Engulfed by an ice statue's freezing vapour (3 damage)
             ... in an ice cave.
             The game lasted 01:16:43 (11383 turns).

PolkaDot the Bewitcher (Vampire Enchanter)         Turns: 11383, Time: 01:16:44

HP  -1/68        AC 11     Str  8      XL: 11   Next: 91%
MP  16/17        EV 11     Int 17      God: Makhleb [******]
Gold 142         SH  0     Dex 16      Spells:  5 memorised,  1 level left

rFire  + . .     SeeInvis +     a - +5,+0 dagger of Misery {drain, Stlth+}
rCold  + . .     Clarity  .     h - +3 leather armour {rC+}
rNeg   + . .     Conserve +     (no shield)
rPois  +         rCorr    .     p - +0 helmet
rElec  .         rRot     .     c - +0 cloak {rPois}
SustAb . .       Spirit   .     r - +1 pair of gloves {archer}
rMut   .         Warding  .     j - +0 pair of boots
Saprov . . .     Stasis   .     s - amulet of conservation
MR     +....                    o - ring of protection from fire
                                I - ring of regeneration

@: silence, somewhat resistant to hostile enchantments, extremely stealthy
A: bottle blood, fangs 3, see invisible, unbreathing
a: Bat Form, Bottle Blood


You were in an ice cave.
You worshipped Makhleb.
Makhleb was exalted by your worship.
You were not thirsty.

You visited 2 branches of the dungeon, and saw 12 of its levels.
You also visited: Ice Cave.

You collected 804 gold pieces.
You spent 662 gold pieces at shops.

Inventory:

Hand weapons
 a - the +5,+0 dagger of Misery (weapon) {drain, Stlth+}
   (You found it on level 9 of the Dungeon)

   A truly terrible weapon, it drains the life of those it strikes.
   It makes you much more stealthy.
 b - the +8,+8 autumn katana {slice, Clar}
   (You bought it in a shop on level 4 of the Dungeon)

   It inflicts extra damage upon your enemies.
   It protects you against confusion.
Missiles
 d - 7 darts (quivered)
Armour
 c - a +0 cloak of poison resistance (worn)
 h - a +3 leather armour of cold resistance (worn)
 j - a +0 pair of boots (worn)
 p - a +0 helmet (worn)
 r - a +1 pair of gloves of archery (worn)
Magical devices
 f - a wand of disintegration (6)
 t - a wand of slowing (10)
 C - a wand of paralysis (2)
Scrolls
 e - 4 scrolls of recharging
 g - a scroll of enchant weapon II
 i - 2 scrolls of identify
 k - 3 scrolls of fear
 n - a scroll of random uselessness {unknown}
 q - a scroll of immolation
 u - a scroll of noise
 v - 4 scrolls of enchant armour
 x - 4 scrolls of teleportation
 y - a scroll of amnesia
 z - 5 scrolls of remove curse
 D - a scroll of fog
 E - 3 scrolls of magic mapping
Jewellery
 m - an uncursed ring of poison resistance
 o - a ring of protection from fire (right hand)
 s - an amulet of conservation (around neck)
 G - an uncursed ring of protection from fire
 I - a ring of regeneration (left hand)
Potions
 F - 2 potions of curing
 L - a potion of brilliance


   Skills:
 - Level 10.0 Short Blades
 + Level 4.0 Long Blades
 - Level 1.0 Throwing
 - Level 2.1 Dodging
 + Level 14.9 Stealth
 - Level 2.0 Spellcasting
 * Level 18.2 Hexes


You had one spell level left.
You knew the following spells:

 Your Spells              Type           Power        Failure   Level  Hunger
a - Corona                Hex            ######.      0%          1    #......
c - Confuse               Hex            ######..     1%          3    ####...
d - Ensorcelled Hibernat  Hex/Ice        ####..       1%          2    ##.....
e - Enslavement           Hex            ######..     1%          4    #####..
s - Dazzling Spray        Conj/Hex       ####....     1%          3    ####...


Dungeon Overview and Level Annotations

Branches:
Dungeon (10/15)            Temple (0/1) D:5             Orc (0/4) D:9
   Lair (2/8) D:10

Altars:
Cheibriados
Dithmenos
Fedhas
Makhleb
Nemelex Xobeh
The Shining One

Shops:
D:4 (:*   D:5 [

Annotations:
D:9 exclusion: 2 oklob saplings IceCv exclusion: 2 ice statues


Innate Abilities, Weirdness & Mutations

You can bottle blood from corpses.
You have razor-sharp teeth.*
You have supernaturally acute eyesight.
You can survive without breathing.*


Message History

The ice statue is unaffected.
The ice statue throws ice at you. The shard of ice hits you!
You partially resist.
Read which item? (? for menu, Esc to quit)
As you read the scroll of silence, it crumbles to dust.
A profound silence engulfs you. The ice statue throws ice at you.
The shard of ice hits you! You partially resist.
The ice statue throws ice at you. The shard of ice hits you!
You partially resist.
* * * LOW HITPOINT WARNING * * *
Read which item? (? for menu, Esc to quit)
Magic scrolls do not work when you're silenced!
The ice statue throws cold at you. The bolt of cold misses you.
The ice statue throws cold at you. The freezing blast hits you! You resist.
* * * LOW HITPOINT WARNING * * *
You are engulfed in freezing vapours.
You resist.
You die...

### ####...#
##........
##..........
##...........
#.......8..8.
#..§§§....!..#
#.§@§§...?.).#
#..§§§....(..#
#.......8..8.
##...........
##..........
##........
####...# ###


You could see 2 ice statues.

Vanquished Creatures
  An unseen horror (D:10)
  A giant orange brain (D:10)
  Pikel (D:6)
  A cyclops (D:9)
  A red wasp (D:9)
  A fire drake (D:10)
  Grinder (D:6)
  A troll (D:9)
  2 wandering mushrooms (D:9)
  A blink frog (shapeshifter) (D:9)
  A two-headed ogre (D:10)
  5 blink frogs (Lair:1)
  13 yaks
  3 wyverns
  Eustachio (D:6)
  3 hungry ghosts
  4 hippogriffs
  4 water moccasins
  18 ice beasts
  A phantom (D:4)
  2 slaves (D:6)
  4 porcupines (Lair:1)
  2 ogres
  5 centaurs
  2 black bears
  The ghost of TZer0 the Chopper, an average FoFi (D:3)
  5 orc warriors
  A sky beast (D:9)
  2 lava worms (D:10)
  6 giant frogs
  Sigmund (D:2)
  2 crocodiles (Lair:1)
  A giant slug (D:9)
  4 brain worms (D:10)
  A big kobold (D:9)
  3 jellies (D:10)
  3 scorpions
  3 wights (D:8)
  5 crimson imps
  3 iguanas
  5 orc priests
  3 hounds
  7 orc wizards
  8 worker ants
  A sky beast zombie (D:7)
  Ijyb (D:3)
  A hound skeleton (D:6)
  8 gnolls
  A mummy (D:6)
  A gnoll skeleton (D:4)
  13 adders
  2 green rats (D:6)
  A shadow imp (D:7)
  2 giant mites
  3 worms
  4 giant eyeballs
  9 giant geckos
  2 oozes
  40 orcs
  9 giant cockroaches
  16 goblins
  10 hobgoblins
  7 jackals
  5 quokkas
  3 ball pythons
  13 bats
  4 giant newts
  A giant spore (D:9)
  A hobgoblin zombie (D:5)
  21 kobolds
  An orc skeleton (D:5)
  An orc zombie (D:9)
  25 rats
  2 rat skeletons (D:4)
  A rat zombie (D:7)
  2 ballistomycetes (D:9)
354 creatures vanquished.

Vanquished Creatures (collateral kills)
  A gargoyle (D:10)
1 creature vanquished.

Vanquished Creatures (others)
  A slave (D:6)
  An iguana (D:10)
  2 gnolls (D:6)
  An orc (D:10)
  A bat (D:6)
  2 rats (D:6)
8 creatures vanquished.

Grand Total: 363 creatures vanquished

Notes
Turn   | Place    | Note
--------------------------------------------------------------
     0 | D:1      | PolkaDot, the Vampire Enchanter, began the quest for the Orb.
     0 | D:1      | Reached XP level 1. HP: 13/13 MP: 3/3
    77 | D:1      | Reached skill level 1 in Throwing
   388 | D:1      | Reached XP level 2. HP: 14/19 MP: 1/4
   686 | D:1      | Reached skill level 5 in Hexes
   884 | D:1      | Learned a level 2 spell: Ensorcelled Hibernation
  1171 | D:1      | Reached XP level 3. HP: 17/24 MP: 4/6
  1624 | D:1      | Learned a level 3 spell: Confuse
  1656 | D:2      | Noticed Sigmund
  1671 | D:2      | Killed Sigmund
  1671 | D:2      | Reached skill level 5 in Stealth
  1671 | D:2      | Reached skill level 6 in Hexes
  1671 | D:2      | Reached XP level 4. HP: 30/30 MP: 1/7
  2319 | D:2      | Reached XP level 5. HP: 35/35 MP: 0/9
  2504 | D:3      | Noticed TZer0's ghost (average FoFi)
  3183 | D:3      | Found a sparkling altar of Nemelex Xobeh.
  3302 | D:3      | Killed TZer0's ghost
  3302 | D:3      | Reached skill level 7 in Hexes
  3302 | D:3      | Reached XP level 6. HP: 33/41 MP: 1/10
  3759 | D:3      | Noticed Ijyb
  3766 | D:3      | Killed Ijyb
  4023 | D:4      | Found Proanawn's Weapon Emporium.
  4076 | D:4      | Reached skill level 8 in Hexes
  4091 | D:4      | Found Phaar's Book Emporium.
  4186 | D:4      | Found Naug's Assorted Antiques.
  4676 | D:4      | Reached XP level 7. HP: 33/46 MP: 9/12
  4922 | D:4      | Found a burning altar of Makhleb.
  4962 | D:4      | Became a worshipper of Makhleb the Destroyer
  5245 | D:5      | Entered Level 5 of the Dungeon
  5377 | D:5      | Found a staircase to the Ecumenical Temple.
  5390 | D:5      | Reached skill level 9 in Hexes
  5474 | D:5      | Found a shadowy altar of Dithmenos.
  5571 | D:5      | Acquired Makhleb's first power
  5607 | D:5      | Found Kles' Antique Armour Emporium.
  6020 | D:6      | Noticed Pikel
  6060 | D:6      | HP: 1/46 [Pikel/whip of electrocution (8)]
  6072 | D:6      | Killed Pikel
  6072 | D:6      | Reached skill level 5 in Short Blades
  6072 | D:6      | Reached skill level 10 in Hexes
  6072 | D:6      | Reached XP level 8. HP: 9/52 MP: 2/13
  6129 | D:6      | Reached skill level 11 in Hexes
  6329 | D:6      | Found a glowing golden altar of the Shining One.
  6457 | D:6      | Noticed Grinder
  6467 | D:6      | Killed Grinder
  6467 | D:6      | Acquired Makhleb's second power
  6467 | D:6      | Reached skill level 10 in Stealth
  6467 | D:6      | Reached skill level 12 in Hexes
  6467 | D:6      | Reached XP level 9. HP: 57/57 MP: 14/14
  6580 | D:6      | Noticed Eustachio
  6600 | D:6      | Killed Eustachio
  6826 | D:7      | Found a snail-covered altar of Cheibriados.
  7168 | D:7      | Learned a level 4 spell: Enslavement
  7417 | D:8      | Reached skill level 13 in Hexes
  7537 | D:8      | Acquired Makhleb's third power
  7699 | D:8      | Reached skill level 14 in Hexes
  7908 | D:8      | Reached XP level 10. HP: 63/63 MP: 13/16
  7930 | D:8      | Acquired Makhleb's fourth power
  8160 | D:9      | Found a staircase to the Orcish Mines.
  8370 | D:9      | Reached skill level 15 in Hexes
  8395 | D:9      | Acquired Makhleb's fifth power
  8417 | D:9      | Identified a scroll of acquirement
  8426 | D:9      | Learned a level 3 spell: Dazzling Spray
  8545 | D:9      | Noticed a red wasp
  8547 | D:9      | Killed a red wasp
  8550 | D:9      | Noticed a cyclops
  8553 | D:9      | Killed a cyclops
  8699 | D:9      | Reached skill level 16 in Hexes
  8706 | D:9      | Found a blossoming altar of Fedhas.
  8956 | D:9      | Got a transparent dagger
  8957 | D:9      | Identified the +5,+0 dagger of Misery {drain, Stlth+} (You found it on level 9 of the Dungeon)
  9072 | D:10     | Entered Level 10 of the Dungeon
  9077 | D:10     | Reached XP level 11. HP: 68/68 MP: 17/17
  9425 | D:10     | Noticed an unseen horror
  9431 | D:10     | Killed an unseen horror
  9507 | D:10     | Found a staircase to the Lair.
  9560 | D:10     | Noticed a giant orange brain
  9607 | D:10     | Killed a giant orange brain
  9618 | D:10     | Reached skill level 17 in Hexes
  9905 | Lair:1   | Entered Level 1 of the Lair of Beasts
 10002 | Lair:1   | Reached skill level 10 in Short Blades
 10331 | D:4      | Bought the +8,+8 autumn katana {slice, Clar} for 662 gold pieces
 10606 | Lair:1   | Reached skill level 1 in Long Blades
 10840 | Lair:1   | Gained mutation: You are frail (-10% HP). [potion of mutation]
 10840 | Lair:1   | Gained mutation: Your magical capacity is low (-10% MP). [potion of mutation]
 10841 | Lair:1   | Lost mutation: You are frail (-10% HP). [potion of cure mutation]
 10841 | Lair:1   | Lost mutation: Your magical capacity is low (-10% MP). [potion of cure mutation]
 11140 | Lair:2   | Reached skill level 18 in Hexes
 11160 | Lair:2   | Found a frozen archway.
 11224 | IceCv    | Entered an ice cave
 11378 | IceCv    | Noticed an ice statue
 11378 | IceCv    | Noticed an ice statue
 11382 | IceCv    | HP: 2/68 [ice statue/freezing blast (10)]
 11383 | IceCv    | Engulfed by an ice statue's freezing vapour

Action                   |  1- 3 |  4- 6 |  7- 9 | 10-12 || total
-------------------------+-------+-------+-------+-------++-------
Melee: Dagger            |    61 |   142 |    65 |   183 ||   451
       Short sword       |       |       |   172 |   143 ||   315
Throw: Dart              |    23 |       |       |     1 ||    24
 Cast: Corona            |    13 |     2 |       |     4 ||    19
       Ensorcelled Hiber |     8 |    66 |    58 |    86 ||   218
       Confuse           |     1 |     6 |    12 |     4 ||    23
       Dazzling Spray    |       |       |       |    14 ||    14
 Abil: End Transformatio |       |     1 |       |       ||     1
       Bat Form          |       |     1 |       |       ||     1
Evoke: Wand              |       |     2 |       |     6 ||     8
  Use: Potion            |     3 |     1 |     2 |    10 ||    16
       Scroll            |       |     6 |     8 |    18 ||    32
 Stab: Sleeping          |    10 |    56 |    64 |    92 ||   222
       Confused          |     1 |     3 |     4 |     3 ||    11
       Invisible         |       |       |     3 |    12 ||    15
       Distracted        |       |       |       |     4 ||     4
